 Dungeon Crawl Stone Soup version 0.29-a0-676-ga64570c9d2 (webtiles) character file.

Game seed: 15373160334750695906

1532 testman the Archer (level 8, -3/59 HPs)
             Began as a Gnoll Wanderer on June 24, 2022.
             Slain by an orc warrior
             ... wielding a +0 flail
              (13 damage)
             ... on level 6 of the Dungeon.
             The game lasted 00:23:15 (7188 turns).

testman the Archer (Gnoll Wanderer)                 Turns: 7188, Time: 00:23:16

Health: -3/59      AC:  9    Str: 12 (14) XL:     8   Next: 85%
Magic:  14/15      EV: 12    Int: 12 (13) God:
Gold:   147        SH:  0    Dex: 10      Spells: 12/16 levels left

rFire   . . .      SeeInvis .   w - +4 quarterstaff (chaos)
rCold   . . .      Faith    .   (shield currently unavailable)
rNeg    . . .      Spirit   .   e - +0 leather armour
rPois   .          Reflect  .   s - +0 helmet
rElec   .          Harm     .   v - +0 cloak
rCorr   .          Rampage  .   k - +1 pair of gloves
Will    .....                   C - +0 pair of boots
Stlth   ++........              (no amulet)
HPRegen 0.19/turn               (no ring)
MPRegen 0.14/turn               (no ring)

@: no status effects
A: fangs 1, strong nose, distributed training, talons 1
a: no special abilities


You were on level 6 of the Dungeon.
You visited 1 branch of the dungeon, and saw 6 of its levels.

You collected 270 gold pieces.
You spent 123 gold pieces at shops.

Inventory:

Hand Weapons
 a - a +0 vorpal shortbow
 c - a +0 dagger
 m - a +2 trident of pain
 w - a +4 quarterstaff of chaos (weapon)
 F - a +0 dagger of draining
Missiles
 b - 39 poisoned darts (quivered)
 g - 4 javelins
 i - 3 boomerangs
 y - a throwing net
Armour
 e - a +0 leather armour (worn)
 h - a +0 kite shield
 k - a +1 pair of gloves (worn)
 s - a +0 helmet (worn)
 v - a +0 cloak (worn)
 C - a +0 pair of boots (worn)
Wands
 n - a wand of flame (6)
 D - a wand of paralysis (19)
 E - a wand of digging (8)
Scrolls
 d - 3 scrolls of fog
 f - 7 scrolls of magic mapping {unknown}
 p - 7 scrolls of identify {unknown}
 q - a scroll of poison
 u - 3 scrolls of teleportation {unknown}
 x - a scroll of enchant weapon {unknown}
Potions
 j - a potion of magic
 l - 2 potions of brilliance
 o - 3 potions of flight


   Skills:
 + Level 3.6 Fighting
 + Level 3.6 Short Blades
 + Level 3.6 Long Blades
 + Level 3.6 Axes
 + Level 3.6 Maces & Flails
 + Level 3.6 Polearms
 + Level 3.6 Staves
 + Level 3.6 Slings
 + Level 9.3 Bows
 + Level 3.6 Crossbows
 + Level 4.5 Throwing
 + Level 3.6 Armour
 + Level 3.6 Dodging
 + Level 4.4 Stealth
 + Level 3.6 Shields
 + Level 3.6 Unarmed Combat
 + Level 4.6 Spellcasting
 + Level 3.0 Conjurations
 + Level 3.0 Hexes
 + Level 3.0 Summonings
 + Level 3.0 Necromancy
 + Level 3.0 Translocations
 + Level 3.0 Transmutations
 + Level 6.3 Fire Magic
 + Level 3.0 Ice Magic
 + Level 3.0 Air Magic
 + Level 3.0 Earth Magic
 + Level 3.0 Poison Magic
 + Level 4.0 Invocations
 + Level 3.6 Evocations


You had 12 spell levels left.
You knew the following spells:

 Your Spells              Type           Power      Damage    Failure   Level
a - Foxfire               Conj/Fire      52%        2x1d6     4%          1
b - Inner Flame           Hex/Fire       13%        N/A       12%         3

Your spell library contained the following spells:

 Spells                   Type           Power      Damage    Failure   Level
 Ozocubu's Armour         Ice            10%        N/A       22%         3
 Metabolic Englaciation   Hex/Ice        5%         N/A       91%         5
 Simulacrum               Ice/Necr       5%         N/A       100%        6


Dungeon Overview and Level Annotations

Branches:
Dungeon (6/15)
 Temple: D:4-7

Altars:
Nemelex Xobeh

Shops:
D:4 [![*

Annotations:
D:4 3 runed translucent doors, zeratav's ghost, novice OgVM
D:5 Sigmund


Innate Abilities, Weirdness & Mutations

You have very sharp teeth.
Your uncanny sense of smell can sniff out nearby items.
Your experience applies equally to all skills.
You have sharp toenails.


Message History

Casting: Inner Flame (dangerous; 12% risk of failure)
Confirm with . or Enter, or press ? or * to list all spells.
Okay, then.
Casting: Inner Flame (dangerous; 12% risk of failure)
Confirm with . or Enter, or press ? or * to list all spells.
Okay, then.
Your +4 quarterstaff of chaos is briefly surrounded by a scintillating aura of random colours.
w - a +4 quarterstaff of chaos (weapon)
You hit the orc warrior but do no damage.
The orc warrior is poisoned.
The orc priest looks satisfied for a moment.
The orc warrior hits you with a +0 flail!
The orc priest looks satisfied for a moment.
You hit the orc warrior.
The orc warrior is lightly wounded.
The orc warrior hits you with a +0 flail!
The orc priest invokes the aid of Beogh against you.
Beogh smites you!
* * * LOW HITPOINT WARNING * * *
Okay, then.
As you read the scroll labelled MEMOKA HUNYIL, it crumbles to dust.
You assume a fearsome visage.
The orc warrior looks frightened!
The orc priest looks frightened! x2; The orc looks frightened!
It was a scroll of fear.
You catch the helpless orc warrior completely off-guard!
You hit the orc warrior but do no damage.
Your attack snaps the orc warrior out of its fear.
The orc warrior is lightly wounded.
You hit the orc warrior. You burn the orc warrior.
Your bite misses the orc warrior.
The orc warrior is moderately wounded.
The orc warrior hits you but does no damage.
You sock the orc warrior! You freeze the orc warrior.
The orc warrior is almost dead.
The orc warrior hits you with a +0 flail.
* * * LOW HITPOINT WARNING * * *
You completely miss the orc warrior.
The orc warrior is almost dead.
The orc warrior hits you with a +0 flail!
You die...

...# #.### #.##.... #.#
##.# #.#####.##... #.#
##.# #.......#.... #.#
##.# #########... #.#
##.###### ... ∆ #.#
.......<# #.# #. #.#
...###### #.# #. #.#
.......... #o# .##.#
...#######
#@######..#.# #### ...#
#......##.#.# #... ...#
#......##.#.# #... ...#
#......##.#.# #... ...#
#......##...# #... ...#
∆ #......###..###...
#### #.................
####..........>†.....
∆......................


You could see an orc warrior (poisoned).

Vanquished Creatures
  3 ice beasts
  3 ogres
  A centaur (D:5)
  A phantom (D:5)
  A kobold brigand (D:5)
  A necrophage (D:6)
  3 scorpions
  5 hounds
  An orc priest (D:5)
  Crazy Yiuf (D:2)
  Jessica (D:2)
  3 iguanas
  An orc wizard (D:4)
  Robin (D:3)
  7 adders
  A white imp (D:5)
  An ufetubus (D:4)
  2 worms (D:2)
  4 dart slugs
  14 orcs
  5 endoplasms
  7 giant cockroaches
  10 goblins
  15 hobgoblins
  2 jackals (D:1)
  2 quokkas
  7 ball pythons
  3 bats (D:2)
  4 frilled lizards
  9 kobolds
  5 rats
124 creatures vanquished.

Vanquished Creatures (others)
  112 foxfires
  21 fungi
133 creatures vanquished.

Grand Total: 257 creatures vanquished

Notes
Turn   | Place    | Note
-------+----------+-------------------------------------------
     0 | D:1      | testman the Gnoll Wanderer began the quest for the Orb.
     0 | D:1      | testman set off with the following items: a +0 vorpal
                  | shortbow, 12 poisoned darts, a +0 dagger, a scroll of fog,
                  | a +0 leather armour; and the following spell memorised:
                  | Foxfire; and the following spells available to memorise:
                  | Inner Flame.
     0 | D:1      | Reached XP level 1. HP: 13/13 MP: 4/4
   108 | D:1      | Reached XP level 2. HP: 19/19 MP: 1/5
   541 | D:2      | Noticed Jessica
   546 | D:2      | Killed Jessica
   547 | D:2      | Reached skill level 1 in Invocations
   547 | D:2      | Reached XP level 3. HP: 10/25 MP: 5/7
   889 | D:2      | Reached skill level 1 in Fighting
   889 | D:2      | Reached skill level 1 in Short Blades
   889 | D:2      | Reached skill level 1 in Long Blades
   889 | D:2      | Reached skill level 1 in Axes
   889 | D:2      | Reached skill level 1 in Maces & Flails
   889 | D:2      | Reached skill level 1 in Polearms
   889 | D:2      | Reached skill level 1 in Staves
   889 | D:2      | Reached skill level 1 in Slings
   889 | D:2      | Reached skill level 1 in Crossbows
   889 | D:2      | Reached skill level 1 in Armour
   889 | D:2      | Reached skill level 1 in Dodging
   889 | D:2      | Reached skill level 1 in Shields
   889 | D:2      | Reached skill level 1 in Unarmed Combat
   889 | D:2      | Reached skill level 1 in Evocations
   913 | D:2      | Reached XP level 4. HP: 32/32 MP: 8/8
   918 | D:2      | Learned a level 3 spell: Inner Flame
  1029 | D:2      | Reached skill level 1 in Conjurations
  1029 | D:2      | Reached skill level 1 in Hexes
  1029 | D:2      | Reached skill level 1 in Summonings
  1029 | D:2      | Reached skill level 1 in Necromancy
  1029 | D:2      | Reached skill level 1 in Translocations
  1029 | D:2      | Reached skill level 1 in Transmutations
  1029 | D:2      | Reached skill level 1 in Ice Magic
  1029 | D:2      | Reached skill level 1 in Air Magic
  1029 | D:2      | Reached skill level 1 in Earth Magic
  1029 | D:2      | Reached skill level 1 in Poison Magic
  1537 | D:2      | Found a runed translucent door.
  1538 | D:2      | Noticed Crazy Yiuf
  1546 | D:2      | Killed Crazy Yiuf
  1547 | D:2      | Reached XP level 5. HP: 8/37 MP: 9/9
  1909 | D:3      | Noticed Robin
  2168 | D:3      | Found a faded altar of an unknown god.
  2488 | D:3      | Killed Robin
  3423 | D:4      | Found a runed translucent gate.
  3423 | D:4      | Found a runed translucent gate.
  3424 | D:4      | Found a runed translucent gate.
  3425 | D:4      | Noticed zeratav's ghost (novice OgVM)
  3554 | D:4      | Found Wemm's Armour Boutique.
  3557 | D:4      | Bought a +0 pair of boots for 58 gold pieces
  3583 | D:4      | Noticed an ogre
  3619 | D:4      | Killed an ogre
  3620 | D:4      | Reached XP level 6. HP: 32/44 MP: 3/11
  3788 | D:4      | Found Jarierch's Assorted Antiques.
  3906 | D:4      | Found Itosch Yczi's Distillery.
  3914 | D:4      | Bought a potion of heal wounds for 65 gold pieces
  3924 | D:4      | Found Wapeos's Antique Armour Boutique.
  4716 | D:5      | Entered Level 5 of the Dungeon
  5072 | D:5      | Reached XP level 7. HP: 47/50 MP: 10/12
  5320 | D:5      | Reached skill level 9 in Bows
  5447 | D:5      | Found a sparkling altar of Nemelex Xobeh.
  5467 | D:5      | Reached XP level 8. HP: 27/57 MP: 11/14
  5805 | D:5      | Noticed Sigmund
  6667 | D:6      | Gained mutation: You have sharp toenails. [potion of
                  | mutation]
  7188 | D:6      | Slain by an orc warrior

Illustrated notes

Levels and vault maps discovered:
D:1:      nagdon_arrival_double_spiral, layout_rooms, st_stairs_4
D:2:      minmay_diamond_boxcup, layout_basic, uniq_jessica,
          uniq_crazy_yiuf_cottage
D:3:      layout_loops_cross, serial_co_window_serial, co_window_cross_1,
          co_window_paths_b, co_window_corner_a, co_window_of_opportunity_a,
          co_window_corner_a, co_window_of_opportunity_b, co_window_2corner,
          co_window_broadway_c, co_window_unsneaky_path_a, co_window_broadway_b,
          co_window_sun, glass_columns_c, dreamdust_ecumenical_altar_statues,
          uniq_robin
D:4:      layout_basic, ebering_ghost_rock_garden, serial_shops,
          nicolae_shop_competitors_out_of_business, shop, kennysheep_mini_moat,
          nicolae_shop_hallway_stairs, serial_aquarium, aquarium_bridge_square
          [aquarium_subvault_bridge, aquarium_subvault_wall,
          aquarium_subvault_bridge, aquarium_subvault_balcony],
          aquarium_window_corner, aquarium_window_double, aquarium_view_2c,
          aquarium_view_2g
D:5:      cheibrodos_thug_alley, layout_loops_ring,
          mainiacjoe_overflow_brackets, serial_aquarium,
          aquarium_bridge_island_small [aquarium_subvault_small_water,
          aquarium_subvault_bridge, aquarium_subvault_bridge,
          aquarium_subvault_wall, aquarium_subvault_wall], aquarium_window_2,
          aquarium_window_corridor_1, aquarium_view_2c, aquarium_view_2c,
          aquarium_pool_2, uniq_sigmund
D:6:      layout_basic

Skill      XL: |  1  2  3  4  5  6  7  8 |
---------------+-------------------------+-----
Invocations    | 1 2 3 4 |  4.0
Fighting       | 1 2 3 |  3.6
Short Blades   | 1 2 3 |  3.6
Long Blades    | 1 2 3 |  3.6
Axes           | 1 2 3 |  3.6
Maces & Flails | 1 2 3 |  3.6
Polearms       | 1 2 3 |  3.6
Staves         | 1 2 3 |  3.6
Slings         | 1 2 3 |  3.6
Crossbows      | 1 2 3 |  3.6
Armour         | 1 2 3 |  3.6
Dodging        | 1 2 3 |  3.6
Shields        | 1 2 3 |  3.6
Unarmed Combat | 1 2 3 |  3.6
Evocations     | 1 2 3 |  3.6
Spellcasting   | 3 4 |  4.6
Conjurations   | 1 2 3 |  3.0
Hexes          | 1 2 3 |  3.0
Summonings     | 1 2 3 |  3.0
Necromancy     | 1 2 3 |  3.0
Translocations | 1 2 3 |  3.0
Transmutations | 1 2 3 |  3.0
Ice Magic      | 1 2 3 |  3.0
Air Magic      | 1 2 3 |  3.0
Earth Magic    | 1 2 3 |  3.0
Poison Magic   | 1 2 3 |  3.0
Throwing       | 3 4 |  4.5
Stealth        | 3 4 |  4.4
Bows           | 9 |  9.3
Fire Magic     | 6 |  6.3

Action                   |  1- 3 |  4- 6 |  7- 9 || total
-------------------------+-------+-------+-------++-------
Melee: Trident           |       |     4 |       ||     4
       Quarterstaff      |       |    46 |    68 ||   114
       Bite              |       |     4 |     7 ||    11
 Fire: Shortbow          |    60 |   131 |    74 ||   265
Throw: Dart              |     1 |       |       ||     1
 Cast: Foxfire           |     6 |    14 |    43 ||    63
       Inner Flame       |       |       |     1 ||     1
  Use: Potion            |       |     3 |     8 ||    11
       Scroll            |       |       |     2 ||     2
 Stab: Fleeing           |       |       |     1 ||     1
Armor: Leather armour    |     5 |    55 |    39 ||    99
Dodge: Dodged            |    16 |    73 |    52 ||   141

Table legend: (Time is in decaauts)
 A = Elapsed time spent in this place.
 B = Non-inter-level travel time spent in this place.
 C = Inter-level travel time spent in this place.
 D = Time resting spent in this place.
 E = Time spent auto-exploring this place.
 F = Levels seen in this place.
 G = Mean time per level.
                   A        B        C        D        E       F      G
               +--------+--------+--------+--------+--------+-----+--------+
         Total |   7211 |   6912 |    299 |    645 |   5320 |   6 | 1201.8 |
       Dungeon |   7211 |   6912 |    299 |    645 |   5320 |   6 | 1201.8 |
               +--------+--------+--------+--------+--------+-----+--------+

Top non-repeatable levels by time:
     D:4: 1692 daAuts
     D:3: 1544 daAuts
     D:2: 1450 daAuts
     D:5: 1398 daAuts
     D:6: 676 daAuts
     D:1: 448 daAuts
